 Dungeon Crawl Stone Soup version 0.27.1-33-g824d729ab1 (webtiles) character file.

Game seed: 14524292615206047581

115 safid the Skirmisher (level 5, -8/47 HPs)
             Began as a Hill Orc Fighter on Dec 16, 2021.
             Succumbed to a scorpion's poison
             ... on level 4 of the Dungeon.
             The game lasted 00:04:34 (2858 turns).

safid the Skirmisher (Hill Orc Fighter)             Turns: 2858, Time: 00:04:35

Health: -8/47      AC:  7    Str: 20    XL:     5   Next: 0%
Magic:  5/5        EV:  7    Int:  8    God:
Gold:   123        SH:  9    Dex: 10    Spells: 4/4 levels left

rFire    . . .     SeeInvis .   a - +0 war axe
rCold    . . .     Faith    .   c - +0 kite shield
rNeg     . . .     Spirit   .   b - +0 scale mail
rPois    .         Reflect  .   (no helmet)
rElec    .         Harm     .   (no cloak)
rCorr    .         Rampage  .   (no gloves)
Will     .....                  (no boots)
Stlth    ..........             (no amulet)
HPRegen  0.15/turn              (no ring)
MPRegen  0.09/turn              (no ring)

@: lethally poisoned (-8 -> -45)
A: no striking features
a: no special abilities


You were on level 4 of the Dungeon.
You visited 1 branch of the dungeon, and saw 4 of its levels.

You collected 123 gold pieces.

Inventory:

Hand Weapons
 a - a +0 war axe (weapon)
Missiles
 h - 6 boomerangs (quivered)
Armour
 b - a +0 scale mail (worn)
 c - a +0 kite shield (worn)
Jewellery
 f - a ring of magical power
Scrolls
 k - a scroll of holy word
 m - a scroll of enchant weapon
 o - a scroll of enchant armour
 p - a scroll of teleportation
Potions
 d - 2 potions of might
 e - a potion of mutation {unknown}
 g - a potion of heal wounds
 i - a potion of degeneration {unknown}
 j - a potion of magic {unknown}
 n - a potion of lignification {unknown}
 q - a potion of brilliance {unknown}


   Skills:
 + Level 4.5 Fighting
 + Level 3.9 Axes
 + Level 4.1 Armour
 + Level 4.2 Shields


You had 4 spell levels left.
You didn't know any spells.
Your spell library contained the following spells:

 Spells                   Type           Power      Damage    Failure   Level
 Summon Small Mammal      Summ           0%         N/A       99%         1
 Call Canine Familiar     Summ           0%         N/A       100%        3
 Summon Guardian Golem    Hex/Summ       0%         N/A       100%        3
 Summon Forest            Summ/Tloc      0%         N/A       100%        5
 Summon Mana Viper        Hex/Summ       0%         N/A       100%        5
 Shadow Creatures         Summ           N/A        N/A       100%        6


Dungeon Overview and Level Annotations

Branches:
Dungeon (4/15)
 Temple: D:4-7

Altars:
Yredelemnul

Annotations:
D:4 Blork the orc


Message History

The scorpion poisons you!
Unknown command.
You hit the scorpion but do no damage.
The scorpion is heavily wounded.
You feel very sick. The scorpion stings you.
You are lethally poisoned!
The scorpion poisons you! You block the scorpion's attack.
Unknown command.
You barely miss the scorpion.
The scorpion is moderately wounded.
You feel extremely sick. The scorpion closely misses you.
The scorpion stings you.
* * * LOW HITPOINT WARNING * * *
Unknown command.
You hit the scorpion.
The scorpion is severely wounded.
* * * LOW HITPOINT WARNING * * *
You feel very sick. The scorpion stings you.
* * * LOW HITPOINT WARNING * * *
You are more poisoned.
The scorpion poisons you! The scorpion closely misses you.
You feel much better.
You feel very sick. You block the scorpion's attack.
Your shield and scale mail prevent you from hitting the scorpion.
The scorpion is severely wounded.
* * * LOW HITPOINT WARNING * * *
You feel very sick. The scorpion stings you.
* * * LOW HITPOINT WARNING * * *
You are more poisoned.
The scorpion poisons you! The scorpion stings you.
* * * LOW HITPOINT WARNING * * *
You are more poisoned.
The scorpion poisons you!
You hit the scorpion.
The scorpion is almost dead.
You die...

### ..# ##.#
#...
######..#
......s.# #@#
#########
#.###........
#...<.#######
#######


You could see a scorpion.

Vanquished Creatures
  An iguana (D:3)
  An adder (D:2)
  2 dart slugs
  A worm (D:3)
  6 orcs (D:3)
  10 ball pythons
  7 bats
  4 endoplasms
  3 giant cockroaches
  7 goblins
  6 hobgoblins
  3 quokkas
  2 frilled lizards (D:1)
  4 kobolds
  7 rats
64 creatures vanquished.

Vanquished Creatures (others)
  A fungus (D:2)
1 creature vanquished.

Grand Total: 65 creatures vanquished

Notes
Turn   | Place    | Note
-------+----------+-------------------------------------------
     0 | D:1      | safid the Hill Orc Fighter began the quest for the Orb.
     0 | D:1      | Reached XP level 1. HP: 19/19 MP: 1/1
   133 | D:1      | Reached XP level 2. HP: 27/27 MP: 2/2
   696 | D:1      | Reached XP level 3. HP: 27/33 MP: 3/3
  1035 | D:2      | Found a faded altar of an unknown god.
  1100 | D:2      | Found a basalt altar of Yredelemnul.
  1697 | D:2      | Reached XP level 4. HP: 40/40 MP: 4/4
  2596 | D:4      | Noticed Blork the orc
  2847 | D:4      | Noticed a scorpion
  2849 | D:4      | Reached XP level 5. HP: 45/47 MP: 5/5
  2858 | D:4      | Succumbed to a scorpion's poison

Illustrated notes

Levels and vault maps discovered:
D:1:      doesnt_arrival_eight_statues, layout_basic
D:2:      layout_loops_cross, basic_altar, shapermc_ecumenical_altar_acropolis,
          minmay_puff
D:3:      layout_rooms
D:4:      layout_loops_ring, lemuel_round_altar, minmay_temple_entry_arrows,
          minmay_small_thing, uniq_robin, uniq_natasha, uniq_blork_the_orc

Skill      XL: |  1  2  3  4 |
---------------+-------------+-----
Axes           | 3 |  3.9
Fighting       | 4 |  4.5
Shields        | 4 |  4.2
Armour         | 4 |  4.1

Action                   |  1- 3 |  4- 6 || total
-------------------------+-------+-------++-------
Melee: War axe           |   108 |    68 ||   176
  Use: Scroll            |       |     5 ||     5
       Potion            |       |     1 ||     1
Armor: Scale mail        |    39 |    15 ||    54
Dodge: Dodged            |    30 |    22 ||    52
Block: Kite shield       |    55 |    43 ||    98
